Unix xNetHack Version 8.0.0 - last build Jun 13 2023 11:06:09 (4b7ecc64c373f7294607d497be3f7ce1783331ac). Game began 2023-06-23 22:46:53, ended 2023-06-24 16:25:48. Moult, neutral male gnomish Healer --------- --- |...|.... |....*..| |...........-------.......---- --------- -...................%....).| |...Q.~.| |............)[.).[.....^--- -------.@C)..| |..............))~.........-----........--~.| ---. .......[[..)......|........-----.--..-- .......*....[..----------- --..-- -..............| --...| ---........----- ---..--- ----- ...."...| ---....)-- --..|..--- G -----....- |...... -.--)- |.+..| ---- Moult the Embalmer St:15 Dx:14 Co:18 In:15 Wi:15 Ch:13 Neutral S:7362 Dlvl:12 $:1061 HP:0(74) Pw:8(56) AC:-5 Xp:8/1693 T:13784 Latest messages: What do you want to zap? [hjwP or ?*] P In what direction? l You disrupt the fire vortex! A huge hole opens up... You get expelled from the fire vortex! Something is written here in the dust. You read: "Elberctn". The wolf misses! The fire vortex touches you! You avoid harm. The fire vortex touches you! You're on fire! What do you want to write with? [- acfh-jltwBPUXZ or ?*] - Do you want to add to the current engraving? n You wipe out the message that was written in the dust here. You write in the dust with your fingertip. The Grey-elf thrusts her mithril runed short sword. The Grey-elf misses! The wolf turns to flee. The fire vortex turns to flee. In what direction? . You feel better. The Grey-elf thrusts her mithril runed short sword. The Grey-elf jabs you! Something is written here in the dust. You read: "Elbereth". You see no objects here. You already found a monster. Use 'm' prefix to force another search. Something is written here in the dust. You read: "Elbereth". You see no objects here. The mountain centaur shoots a mithril crossbow bolt! A mithril crossbow bolt misses you. The mountain centaur kicks! Your pair of leather gloves blocks the mountain centaur's attack. The mountain centaur shoots a mithril crossbow bolt! A mithril crossbow bolt misses you. The mountain centaur kicks! The mountain centaur misses! The mountain centaur shoots a mithril crossbow bolt! You are hit by a mithril crossbow bolt. You hear the howling of the CwnAnnwn... The mountain centaur misses! The mountain centaur kicks! The mountain centaur shoots a mithril crossbow bolt! A mithril crossbow bolt misses you. The mountain centaur kicks! You die... Do you want your possessions identified? y Do you want to see your attributes? q Inventory: Inventory: 570/875 weight (40/52 slots) Coins $ - 1061 gold pieces {11} Amulets x - a cursed iron amulet of change {22} Weapons i - 7 +0 shuriken {7} X - a +3 dagger named Barman's Friend {10} U - a +0 knife {5} c - a cursed -1 knife {5} Z - a cursed -2 knife {5} B - a +0 bone orcish dagger {3} a - a +0 scalpel {5} l - a +0 aklys (tethered weapon in hand) {15} Armor N - a blessed +0 elven helm {3} O - an uncursed +0 copper elven helm (being worn) {13} T - an uncursed rustproof +0 helmet {30} e - an uncursed +5 pair of leather gloves {10} b - an uncursed +1 pair of leather gloves (being worn) {8} V - an uncursed fireproof +0 pair of low boots (being worn) {8} W - an uncursed +0 ring mail (being worn) {188} Comestibles g - 2 uncursed apples {4} C - 3 uncursed bananas {6} q - 5 uncursed food rations {100} y - an uncursed lembas wafer {5} S - 4 uncursed oranges {8} u - 2 uncursed pancakes {4} I - an uncursed pear {2} m - an uncursed tripe ration {10} d - an uncursed lizard corpse {10} n - an uncursed lizard corpse {10} L - an uncursed lizard corpse {10} Rings f - an uncursed ring of stealth {3} Wands h - a wand of sleep (0:4) {7} P - a wand of slow monster named 1 (0:5) {7} j - a cursed wand of speed monster named 1 (0:6) {7} w - a wand of striking named empty (0:0) {7} Tools K - an uncursed lock pick {4} r - a cursed mithril pea whistle {2} s - an uncursed stethoscope named 13769 7p tp sleep {4} H - an uncursed tallow candle {2} J - an uncursed tallow candle {2} Q - an uncursed tin opener {4} t - an uncursed towel named !c {2} k - an uncursed partly used wax candle {2} Moult the Healer's attributes: Background: You were an Embalmer, a level 8 male gnomish Healer. You were neutral, on a mission for Hermes who was opposed by Athena (lawful) and Poseidon (chaotic). You were heterosexual. You were in the Gnomish Mines, on level 12. You entered the dungeon 13784 turns ago. You had 1693 experience points, 867 more were needed to attain level 9. Your score was 7362 before end-of-game adjustments. Basics: You had 0 out of 74 hit points. You had 8 out of 56 energy points (spell power). Your armor class was -5. Your wallet contained 1061 zorkmids. Autopickup was on for '_' plus thrown, with exceptions. Final Characteristics: Your strength was 15 (limit:18/50). Your dexterity was 14 (limit:18). Your constitution was 18 (limit:18). Your intelligence was 15 (limit:19). Your wisdom was 15 (limit:18). Your charisma was 13 (limit:18). Final Status: You were not hungry. You were unencumbered. You were wielding a club. You were skilled in club. Final Attributes: You were piously aligned. You were sleep resistant. You were poison resistant. You were telepathic. You had infravision. You had a moderate defense bonus (+7). You were warded. You are dead. Miscellaneous: You never encountered a bones level. Total elapsed playing time was 2 hours, 37 minutes and 36 seconds. Major events: Turn 1: Moult the neutral male gnomish Healer entered the dungeon 574: entered the Gnomish Mines 3716: attained the rank of Empiric (level 3) 4608: attained the rank of Embalmer (level 6) 4896: entered Sokoban 5335: completed 1st Sokoban level 6009: completed 2nd Sokoban level 6499: completed 3rd Sokoban level 13784: killed by a mountain centaur Vanquished creatures: an ogre tyrant 3 wargs 2 small mimics a quantum mechanic a large dog a gargoyle an ochre jelly a Grey-elf an ettin zombie a leather golem 2 watchmen a chameleon a crocodile a giant beetle 7 wolves 3 winter wolf cubs 2 giant spiders a black light a dwarf mummy 4 Green-elves a rust monster an owlbear a gold golem 3 lizards 2 dingoes a jaguar 3 water nymphs 2 dust vortices 3 Woodland-elves a snake 4 human zombies 3 fire ants 2 wood nymphs a bugbear 2 rock piercers a rock mole 2 ponies a fog cloud 2 yellow lights a violet fungus a black mold 4 gnome leaders a gnomish wizard an elf zombie 2 paper golems 5 giant ants a little dog 3 floating eyes a kitten 8 dwarves a homunculus 2 kobold leaders a kobold shaman 13 hill orcs 5 rothes 2 monkeys 3 wererats a werejackal 5 iguanas 2 acid blobs a coyote a gas spore 4 hobbits 4 manes 4 large kobolds 4 hobgoblins 4 giant rats 7 cave spiders a brown mold a yellow mold a green mold 2 red molds 11 gnomes 2 garter snakes a gnome zombie 7 geckos 11 jackals 2 foxes 3 kobolds 7 goblins 4 sewer rats 8 grid bugs 7 lichens 3 kobold zombies 10 newts 245 creatures vanquished. No species were genocided or became extinct. Voluntary challenges: You read items or engraved 101 times. You never genocided any monsters. You never polymorphed an object. You never touched an artifact. You used no wishes. You were celibate. You did not violate any of the special Sokoban rules. Achievements: You entered the Gnomish Mines. You entered a temple. You entered a shop. You attained the rank of Empiric. You attained the rank of Embalmer. You entered Sokoban. Dungeon overview: The Dungeons of Doom: levels 1 to 11 Level 1: Level 2: Level 3: A fountain, a grave. Stairs down to The Gnomish Mines. Level 4: "bookstash next to downstair" A fountain. Level 5: "gym" A fountain. Level 6: A tree. Level 7: A general store, a grave. Level 8: "so many water nymphs" Some fountains, a tree. Level 9: Many fountains, many trees. Oracle of Delphi. Level 10: "troll in soko" Some sinks. Stairs up to Sokoban, level 9. Level 11: "mimics top left" The Gnomish Mines: levels 4 to 12 Level 4: Level 5: Level 6: Level 7: Many shops, a temple, some fountains, a sink. Level 8: Level 9: Level 10: Level 11: Level 12: <- You were here. Final resting place for you, killed by a mountain centaur. Sokoban: levels 9 up to 6 Level 6: Unsolved. Level 7: Solved. Level 8: Solved. Level 9: Solved. Game over: __________ / \ / REST \ / IN \ / PEACE \ / \ | Moult | | 1061 Au | | killed by a | | mountain centaur | | | | | | 2023 | *| * * * | * _________)/\\_//(\/(/\)/\//\/|_)_______ Goodbye Moult the Healer... You died in The Gnomish Mines on dungeon level 12 with 7362 points, and 1061 pieces of gold, after 13784 moves. You were level 8 with a maximum of 74 hit points when you died.